 Dungeon Sprint DCSS version 0.19.1 (webtiles) character file.

131 equalderp2856 the Gouger (level 4, -10/24 HPs)
             Began as a Felid Fighter on Nov 30, 2016.
             Was an Initiate of Gozag.
             Mangled by a tyrant leech (34 damage)
             ... in the Dungeon (Sprint IX: "|||||||||||||||||||||||||||||").
             The game lasted 00:01:11 (584 turns).

equalderp2856 the Gouger (Felid Fighter)             Turns: 584, Time: 00:01:12

Health: -10/24     AC:  1    Str: 13    XL:     4   Next: 91%
Magic:  5/5        EV: 23    Int: 10    God:    Gozag
Gold:   0          SH:  0    Dex: 15    Spells: 0 memorised, 3 levels left
                                        Lives:  0   Deaths: 1

rFire  . . .     SeeInvis +       - Unarmed
rCold  . . .     Gourm    .     (armour unavailable)
rNeg   . . .     Faith    .     (shield unavailable)
rPois  .         Spirit   .     (helmet unavailable)
rElec  .         Reflect  .     (cloak unavailable)
rCorr  .         Harm     .     (gloves unavailable)
MR     .....     NoTele   +     (boots unavailable)
Stlth  +++.......               (no amulet)
                                (no ring)
                                (no ring)

@: quick
A: no armour, no weapons or thrown items, stealth, claws 1, fangs 3, see
invisible, carnivore 3, speed 1, shaggy fur 1, slow metabolism 1, sharp paws
a: Potion Petition, Call Merchant, Bribe Branch, Renounce Religion


You were in the Dungeon.
You worshipped Gozag.
Gozag was noncommittal.
You were not hungry.

You visited 1 branch

Inventory:

Jewellery
 m - a +3 ring of strength
 n - a +3 ring of strength
Wands
 l - a wand of iceblast (7/15)
Scrolls
 h - 2 scrolls of blinking
 j - 3 scrolls of remove curse
 k - 2 scrolls of amnesia
Potions
 a - a potion of might
 c - a potion of invisibility
 d - 2 potions of heal wounds
 e - a potion of haste
 f - 4 potions of magic
 g - a potion of berserk rage
 i - 4 potions of curing
Comestibles
 b - 13 meat rations


   Skills:
 + Level 6.0 Fighting
 + Level 8.4 Dodging
 + Level 2.7 Stealth
 + Level 10.2 Unarmed Combat


You had 3 spell levels left.
You didn't know any spells.

Dungeon Overview and Level Annotations

Branches:
Dungeon (1/1)

Altars:
Cheibriados
Dithmenos
Elyvilon
Fedhas
Gozag
Hepliaklqana
Kikubaaqudgha
Makhleb
Nemelex Xobeh
Okawaru
Qazlal
Ru
Sif Muna
Trog
Uskayaw
Vehumet
Xom
Yredelemnul
Zin
The Shining One
Beogh
Jiyva
Lugonu


Innate Abilities, Weirdness & Mutations

You cannot wear armour.
You are incapable of wielding weapons or throwing items.
Your paws allow you to move quietly. (Stealth)
You have sharp claws.
You have razor-sharp teeth.
You have supernaturally acute eyesight. (SInv)
You are carnivorous and can eat meat at any time.
You cover ground quickly.
You are covered in fur. (AC +1)
You have a slow metabolism.
Your sharp claws are effective at attacking unaware monsters.


Message History

The hill giant is lightly wounded.
The hill giant hits you with a giant club!!
Ouch! That really hurt!
You die...
You are now level 4!
You rejoin the land of the living...
Found four items.
b - 13 meat rations (gained 12)
Things that are here:
40 fruits; 12 bread rations You open the door. 3 tyrant leeches come into view.
Found 22 stones, 3 scrolls of identify, 9 gold pieces and 15 arrows.
There is an open door here.
You barely miss the tyrant leech.
You scratch the tyrant leech but do no damage.
The tyrant leech bites you!!
Ouch! That really hurt!
You die...
Your body crumbles into a pile of gold.

▓.▓
▓.▓
▓[▓
▓[▓
▓+▓
▓[▓
▓o▓
▓[▓
$
▓H▓
▓.▓
$
▓.▓
▓%▓
$
▓l▓
▓@▓
$
▓S▓
▓w▓
$
▓C▓
▓w▓
▓$▓
▓w▓
$
▓.▓
▓(▓
▓.▓
▓.▓
$
▓[▓
▓.▓
▓[▓
▓.▓
$
▓[▓


You could see 3 tyrant leeches.

Vanquished Creatures
  A sky beast (D)
  A centaur (D)
  A jelly (D)
  A hound (D)
  2 oozes (D)
  A giant cockroach (D)
  A hobgoblin (D)
  2 kobolds (D)
  A giant cockroach zombie (D)
11 creatures vanquished.

Notes
Turn   | Place    | Note
-------+----------+-------------------------------------------
     0 | D        | equalderp2856 the Felid Fighter began the quest for the Orb.
     0 | D        | Reached XP level 1. HP: 10/10 MP: 2/2
    25 | D        | Reached skill level 5 in Unarmed Combat
    25 | D        | Reached XP level 2. HP: 10/14 MP: 3/3
   110 | D        | Noticed a sky beast
   110 | D        | Noticed a centaur
   124 | D        | Reached skill level 5 in Dodging
   124 | D        | Reached skill level 1 in Stealth
   124 | D        | Reached skill level 6 in Unarmed Combat
   124 | D        | Reached XP level 3. HP: 11/18 MP: 4/4
   143 | D        | Killed a centaur
   143 | D        | Reached skill level 5 in Fighting
   143 | D        | Reached skill level 8 in Unarmed Combat
   143 | D        | Reached XP level 4. HP: 12/23 MP: 5/5
   150 | D        | Reached skill level 9 in Unarmed Combat
   150 | D        | Reached XP level 5. HP: 11/26 MP: 6/6
   160 | D        | HP: 1/26 [sky beast (6)]
   162 | D        | Killed a sky beast
   162 | D        | Reached skill level 10 in Unarmed Combat
   427 | D        | Found a roughly hewn altar of Beogh.
   427 | D        | Found a snail-covered altar of Cheibriados.
   427 | D        | Found a shadowy altar of Dithmenos.
   427 | D        | Found a white marble altar of Elyvilon.
   427 | D        | Found a blossoming altar of Fedhas.
   427 | D        | Found an opulent altar of Gozag.
   428 | D        | Found a hazy altar of Hepliaklqana.
   429 | D        | Found a viscous altar of Jiyva.
   430 | D        | Found an ancient bone altar of Kikubaaqudgha.
   431 | D        | Found a corrupted altar of Lugonu.
   432 | D        | Found a burning altar of Makhleb.
   433 | D        | Found a sparkling altar of Nemelex Xobeh.
   434 | D        | Found an iron altar of Okawaru.
   435 | D        | Found a stormy altar of Qazlal.
   443 | D        | Became a worshipper of Gozag Ym Sagoz the Greedy
   445 | D        | Found a sacrificial altar of Ru.
   540 | D        | Found a deep blue altar of Sif Muna.
   541 | D        | Found a bloodstained altar of Trog.
   542 | D        | Found a hide-covered altar of Uskayaw.
   543 | D        | Found a radiant altar of Vehumet.
   544 | D        | Found a shimmering altar of Xom.
   545 | D        | Found a basalt altar of Yredelemnul.
   546 | D        | Found a glowing silver altar of Zin.
   547 | D        | Found a glowing golden altar of the Shining One.
   572 | D        | Noticed a hippogriff
   572 | D        | Noticed a hill giant
   577 | D        | Slain by a hill giant
   578 | D        | Reached XP level 4. HP: 0/24 MP: 5/5
   581 | D        | Noticed a tyrant leech
   581 | D        | Noticed a tyrant leech
   581 | D        | Noticed a tyrant leech
   584 | D        | Mangled by a tyrant leech

Skill      XL: |  1  2  3  4  5 |
---------------+----------------+-----
Unarmed Combat | 5 6 8 9 10 | 10.2
Fighting       | 4 5 6 |  6.0
Dodging        | 5 7 8 |  8.4
Stealth        | 1 2 |  2.7

Action                   |  1- 3 |  4- 6 || total
-------------------------+-------+-------++-------
Melee: Unarmed           |    49 |    20 ||    69
       Bite              |     4 |     1 ||     5
       Punch             |     1 |       ||     1
  Use: Potion            |     1 |     1 ||     2
 Stab: Sleeping          |     1 |       ||     1
Armor: Skin              |     4 |       ||     4
Dodge: Dodged            |    45 |    11 ||    56
